 Dungeon Crawl Stone Soup version 0.31-a0-219-g8d62b2e7bb (webtiles) character file.

Game seed: 11840772860598664883

39 qw the Shooter (level 3, 0/21 HPs)
             Began as a Gargoyle Hexslinger on July 3, 2023.
             Slain by Terence
             ... wielding a +0 flail
              (5 damage)
             ... on level 3 of the Dungeon.
             The game lasted 00:00:33 (1438 turns).

qw the Shooter (Gargoyle Hexslinger)                Turns: 1438, Time: 00:00:33

Health: 0/21       AC:  8    Str: 11    XL:     3   Next: 45%
Magic:  4/4        EV: 10    Int: 13    God:
Gold:   59         SH:  5    Dex: 14    Spells: 3/4 levels left

rFire   . . .        Y - +3 sling
rCold   . . .        (no shield)
rNeg    + . .        h - +0 ring mail
rPois   inf          (no helmet)
rElec   +            (no cloak)
rCorr   +            (no gloves)
SInv    .            (no boots)
Will    .....        g - amulet of reflection
Stlth   +            j - ring of resist corrosion
HPRegen 0.23/turn    (no ring)
MPRegen 0.09/turn

%: reflection
@: about to teleport
A: sickness immunity, AC +3, negative energy resistance 1, electricity
resistance, torment resistance 1, petrification resistance
a: no special abilities


You were on level 3 of the Dungeon.
You visited 1 branch of the dungeon, and saw 3 of its levels.

You collected 59 gold pieces.


Innate Abilities, Weirdness & Mutations

You are immune to sickness and miasma.
Your stone body is resilient. (AC +3)
You are immune to poison.
You resist negative energy. (rN+)
You are resistant to electric shocks. (rElec)
You are resistant to unholy torment.
You are immune to petrification.


   Skills:
 - Level 2.0 Fighting
 + Level 3.4 Ranged Weapons
 - Level 1.5 Dodging
 - Level 1.0 Spellcasting
 - Level 2.6 Hexes


You had 3 spell levels left.
You knew the following spells:

 Your Spells              Type           Power      Damage    Failure   Level
a - Slow                  Hex            28%        N/A       22%         1

Your spell library contained the following spells:

 Spells                   Type           Power      Damage    Failure   Level
 Inner Flame              Hex/Fire       4%         N/A       75%         3
 Portal Projectile        Hex/Tloc       8%         N/A       75%         3
 Cause Fear               Hex            3%         N/A       92%         4

Inventory:

Hand Weapons
 Y - a +3 sling (weapon)
Armour
 h - a +0 ring mail (worn)
Jewellery
 g - an amulet of reflection (around neck)
 j - a ring of resist corrosion (left hand)
Scrolls
 a - 2 scrolls of identify
 b - a scroll of teleportation
Potions
 d - 3 potions of enlightenment
 e - a potion of haste
 f - a potion of might

Dungeon Overview and Level Annotations

Branches:
Dungeon (3/15)

Altars:

Annotations:
D:2 1 runed translucent door, Crazy Yiuf
D:3 Terence


Message History

You shoot a sling bullet. The sling bullet hits the adder.
The adder is heavily wounded.
The adder barely misses you. The adder bites you but does no damage.
You shoot a sling bullet.
The sling bullet barely misses the adder.
The adder bites you. The adder closely misses you.
You shoot a sling bullet. The sling bullet hits the adder!
You kill the adder!
You start resting.
HP restored.
Terence the Incautious comes into view.
He is wielding a +0 flail.
Terence shouts!
You shoot a sling bullet.
The sling bullet hits Terence but does no damage.
You shoot a sling bullet.
The sling bullet closely misses Terence.
Terence misses you.
You shoot a sling bullet.
The sling bullet closely misses Terence.
Terence hits you but does no damage.
Terence says, "Don't bother to defend, it's pointless."
Terence hits you with a +0 flail!
You shoot a sling bullet.
The sling bullet closely misses Terence.
You hear the slow rusting of a distant drain.
Terence barely misses you.
You shoot a sling bullet. The sling bullet barely misses Terence.
Terence hits you but does no damage.
You shoot a sling bullet.
The sling bullet hits Terence but does no damage.
Terence hits you with a +0 flail! Terence hits you but does no damage.
1437 ||| READING 2 scrolls of teleportation.
As you read the scroll of teleportation, it crumbles to dust.
You feel strangely unstable. Terence hits you but does no damage.
You shoot a sling bullet. The sling bullet hits Terence.
Terence is lightly wounded.
Terence screams, "I'm going to kill you!"
Terence hits you with a +0 flail.
You die...

## #### .. ..# .#
#.# .#
#.####.##@##.#.#
#.#.....@.......
###.#.##.##.#....#
##...#.##.# ...
..# ##......##.#
.#... #
#..........#
..###+
#.......#### ##
#.......#
##....>## ##...##


You could see Terence.

Vanquished Creatures
  An adder (D:3)
  A worm (D:2)
  3 ball pythons
  3 giant cockroaches (D:1)
  2 goblins (D:1)
  2 hobgoblins (D:1)
  2 quokkas (D:1)
  3 bats (D:1)
  4 frilled lizards (D:1)
  4 kobolds
  2 rats (D:1)
27 creatures vanquished.

Notes
Turn   | Place    | Note
-------+----------+-------------------------------------------
     0 | D:1      | qw the Gargoyle Hexslinger began the quest for the Orb.
     0 | D:1      | Reached XP level 1. HP: 12/12 MP: 2/2
     0 | D:1      | 0 ||| qw: Version: 0.3-a-40-ge99b1a8
     0 | D:1      | 0 ||| qw: Game counter: 318
     0 | D:1      | 0 ||| qw: Melee chars always use a shield: true
     0 | D:1      | 0 ||| qw: God list: Okawaru
     0 | D:1      | 0 ||| qw: Allow faded altars: false
     0 | D:1      | 0 ||| qw: Do Orc after clearing Dungeon:15 true
     0 | D:1      | 0 ||| qw: Do second Lair branch before Depths: true
     0 | D:1      | 0 ||| qw: Lair rune preference: random
     0 | D:1      | 0 ||| qw: Goals: Normal
     0 | D:1      | 0 ||| PLANNING D:1-11
    23 | D:1      | Found a faded altar of an unknown god.
   114 | D:1      | Reached XP level 2. HP: 16/16 MP: 3/3
   274 | D:1      | Reached skill level 3 in Ranged Weapons
   670 | D:1      | 670 ||| UPGRADING to +0 ring mail.
   680 | D:1      | 680 ||| DROPPING +0 robe.
   681 | D:1      | 681 ||| UPGRADING to amulet of reflection.
   686 | D:1      | 686 ||| UPGRADING to ring of resist corrosion.
   687 | D:1      | 687 ||| READING 5 scrolls labelled HEAREBB WOQU.
   688 | D:1      | 688 ||| READING scroll labelled CANTIXECHA.
   692 | D:1      | 692 ||| READING scroll labelled ZEITORODDUGRO.
   693 | D:1      | 693 ||| READING scroll labelled DOUVVO CAIFEAH.
   694 | D:1      | 694 ||| DRINKING 2 smoky white potions.
   695 | D:1      | 695 ||| DROPPING scroll of poison.
   716 | D:2      | 716 ||| READING scroll of enchant weapon.
   716 | D:2      | 716 ||| ENCHANTING +2 sling.
   737 | D:2      | Reached XP level 3. HP: 21/21 MP: 4/4
   860 | D:2      | Found a runed translucent door.
   861 | D:2      | Noticed Crazy Yiuf
  1248 | D:2      | 1248 ||| READING scroll labelled HUEMONEOCO.
  1249 | D:2      | 1249 ||| READING scroll labelled VETHAY PICEI.
  1350 | D:2      | 1350 ||| READING scroll labelled JENEWU TASOE.
  1351 | D:2      | 1351 ||| READING scroll labelled SAEMPA TUCU.
  1352 | D:2      | 1352 ||| READING 7 scrolls of identify.
  1352 | D:2      | 1352 ||| IDENTIFYING fizzy green potion
  1353 | D:2      | 1353 ||| READING 6 scrolls of identify.
  1353 | D:2      | 1353 ||| IDENTIFYING puce potion
  1354 | D:2      | 1354 ||| READING 5 scrolls of identify.
  1354 | D:2      | 1354 ||| IDENTIFYING sedimented orange potion
  1355 | D:2      | 1355 ||| READING 4 scrolls of identify.
  1355 | D:2      | 1355 ||| IDENTIFYING gluggy blue potion
  1356 | D:2      | 1356 ||| READING 3 scrolls of identify.
  1356 | D:2      | 1356 ||| IDENTIFYING orange potion
  1357 | D:2      | 1357 ||| DROPPING potion of brilliance.
  1358 | D:2      | 1358 ||| DROPPING potion of lignification.
  1359 | D:2      | 1359 ||| DROPPING potion of ambrosia.
  1391 | D:3      | 1391 ||| PLANNING SEWER
  1430 | D:3      | Noticed Terence
  1436 | D:3      | HP: 4/21 [Terence/+0 flail (10)]
  1437 | D:3      | 1437 ||| READING 2 scrolls of teleportation.
  1438 | D:3      | Slain by Terence

Levels and vault maps discovered:
D:1:      evilmike_arrival_plus, layout_loops_ring,
          shapermc_ecumenical_altar_mp_highgroup
D:2:      layout_rooms, corexii_corridor_pit, uniq_crazy_yiuf_cottage
D:3:      layout_loops_corners, grunt_temple_overflow_gold_and_silver,
          gammafunk_ghost_stat_death, cheibrodos_sewer_entry_sluice,
          uniq_sigmund, uniq_terence

Skill      XL: |  1  2 |
---------------+-------+-----
Ranged Weapons | 3 |  3.4
Fighting       | 2 |  2.0
Dodging        | |  1.5
Spellcasting   | |  1.0
Hexes          | |  2.6

Action                     || total
---------------------------++-------
   Fire: Sling             ||    92
    Use: Scroll            ||    15
         Potion            ||     1
 Armour: Robe              ||     4
         Ring mail         ||     7
  Dodge: Dodged            ||    24
  Block: Other             ||     2

Table legend:
 A = Non-vault XP
 B = Vault XP
 C = Vault XP percentage of total XP
 D = Non-vault monster count
 E = Vault monster count
 F = Vault count percentage of total count
                 A         B        C        D         E       F
            +---------+---------+-------+---------+---------+-------
      Total |      56 |       0 |   0.0 |      27 |       0 |   0.0
            +---------+---------+-------+---------+---------+-------
        D:1 |      32 |       0 |   0.0 |      21 |       0 |   0.0
        D:2 |      10 |       0 |   0.0 |       5 |       0 |   0.0
        D:3 |      14 |       0 |   0.0 |       1 |       0 |   0.0
            +---------+---------+-------+---------+---------+-------
